 Dungeon Crawl Stone Soup version 0.25-a0-420-g1cc7eeb0d1 (webtiles) character file.

Game seed: 6262522562464468925, levelgen mode: deterministic

338 tilp the Charmwright (level 6, -2/72 HPs)
             Began as a Barachi Skald on Jan 18, 2020.
             Was an Initiate of Gozag.
             Slain by Menkaure (14 damage)
             ... on level 4 of the Dungeon.
             The game lasted 00:10:23 (4554 turns).

tilp the Charmwright (Barachi Skald)                Turns: 4554, Time: 00:10:23

Health: -2/72      AC: 23    Str: 12    XL:     6   Next: 55%
Magic:  1/9        EV:  2    Int: 15    God:    Gozag
Gold:   113        SH:  5    Dex: 17    Spells: 1/9 levels left

rFire    . . .     SeeInvis .   a - +0 falchion
rCold    . . .     Gourm    .   n - +0 buckler (curse)
rNeg     + + +     Faith    .   (armour currently unavailable)
rPois    +         Spirit   .   (helmet currently unavailable)
rElec    .         Reflect  .   (cloak currently unavailable)
rCorr    .         Harm     .   (gloves currently unavailable)
MR       .....     NoTele   +   (boots currently unavailable)
Stlth    ++........             (no amulet)
HPRegen  0.22/turn              o - +5 ring of dexterity
MPRegen  0.11/turn              (no ring)

@: tree-form, shrouded, infused (expiring), singing
A: +LOS, swims
a: Potion Petition, Call Merchant, Bribe Branch, Renounce Religion


You were on level 4 of the Dungeon.
You worshipped Gozag.
Gozag was aware of your devotion.
You were hungry.
You were a tree.
You visited 1 branch of the dungeon, and saw 4 of its levels.

You collected 190 gold pieces.
You spent 42 gold pieces at shops.
You paid 35 gold pieces to Gozag.

Inventory:

Hand Weapons
 a - a +0 falchion (weapon)
 b - a +2 vorpal war axe
 g - a +0 hunting sling
 v - a +0 vampiric morningstar
Missiles
 d - 3 boomerangs
 h - 4 stones (quivered)
Armour
 n - a cursed +0 buckler (worn)
 q - a +0 helmet (melded)
 w - a +2 leather armour of cold resistance (melded)
Jewellery
 f - an uncursed ring of poison resistance {unknown}
 i - an uncursed ring of see invisible {unknown}
 o - a +5 ring of dexterity (left branch)
 y - an uncursed ring of protection from magic {unknown}
Wands
 z - a wand of iceblast (7)
Scrolls
 j - 2 scrolls of remove curse {unknown}
 k - a scroll of identify
 l - 2 scrolls of immolation {unknown}
 m - a scroll of blinking {unknown}
 t - 2 scrolls of teleportation {unknown}
 u - a scroll of enchant weapon {unknown}
 A - a scroll of amnesia {unknown}
 C - a scroll of noise {unknown}
Potions
 e - a potion of ambrosia
 r - 2 potions of agility
 s - a potion of berserk rage
 x - a potion of curing
 B - 2 potions of heal wounds {unknown}
Comestibles
 c - 5 rations


   Skills:
 - Level 4.0 Fighting
 + Level 3.0 Long Blades
 - Level 1.2 Armour
 - Level 4.1 Dodging
 - Level 4.0 Shields
 - Level 2.1 Spellcasting
 + Level 4.3 Charms


You had one spell level left.
You knew the following spells:

 Your Spells              Type           Power        Failure   Level  Hunger
a - Infusion              Chrm           ##..         3%          1    #......
b - Song of Slaying       Chrm           ##......     5%          2    ###....
c - Shroud of Golubria    Chrm/Tloc      #.....       14%         2    ###....
d - Ozocubu's Armour      Chrm/Ice       #.......     26%         3    ###....

Your spell library contained the following spells:

 Spells                   Type           Power        Failure   Level  Hunger
 Animate Skeleton         Necr           N/A          22%         1    #......
 Pain                     Necr           #...         22%         1    #......
 Spectral Weapon          Hex/Chrm       #.......     26%         3    ###....
 Vampiric Draining        Necr           #.........   54%         3    ###....
 Animate Dead             Necr           N/A          91%         4    #####..
 Agony                    Necr           #.......     99%         5    ######.


Dungeon Overview and Level Annotations

Branches:
Dungeon (4/15)
 Temple: D:4-7

Altars:
Fedhas
Gozag
Xom

Shops:
D:4 *

Annotations:
D:2 Sigmund
D:4 Grinder, Menkaure


Innate Abilities, Weirdness & Mutations

You can be seen from farther away. (+LOS)
You can swim through water.
((You cover ground slowly.))
((You can hop short distances.))


Message History

Menkaure's bandages flutter.
Menkaure closely misses you.
Unknown command.
You barely miss Menkaure.
Menkaure is severely damaged.
You block Menkaure's attack. Menkaure misses you.
Unknown command.
Really quaff the potion of lignification? [Y]es or [N]o only, please.
Really quaff the potion of lignification? [Y]es or [N]o only, please.
Really quaff the potion of lignification? [Y]es or [N]o only, please.
Really quaff the potion of lignification?
You turn into a tree.
Your +0 helmet melds into your body.
Your +2 leather armour of cold resistance melds into your body.
You feel less resistant to cold.
Your roots penetrate the ground.
Menkaure hits you!
You die...
Your body crumbles into a pile of gold.

#[# ### ## #.#
#.. .# $ #.#
#.# .# #.#
#.###.#
#.#####...#.#
#......##.#.#
######.##.#.#
#.#..#M#######
#.##.♣........
#.####.#######
#.. .# ### ##


You could see Menkaure.

Vanquished Creatures
  Blork the orc (D:4)
  A scorpion (D:4)
  An iguana (D:4)
  2 orc wizards
  A worker ant (D:4)
  Robin (D:3)
  2 adders (D:4)
  A worm (D:3)
  A dart slug (D:1)
  2 leopard geckos (D:2)
  8 orcs
  8 bats
  4 giant cockroaches
  11 goblins
  11 hobgoblins
  2 jackals (D:3)
  2 quokkas (D:2)
  2 ball pythons (D:2)
  5 frilled lizards
  9 kobolds
  6 rats
81 creatures vanquished.

Notes
Turn   | Place    | Note
-------+----------+-------------------------------------------
     0 | D:1      | tilp the Barachi Skald began the quest for the Orb.
     0 | D:1      | Reached XP level 1. HP: 17/17 MP: 3/3
   409 | D:1      | Reached XP level 2. HP: 16/23 MP: 5/5
   755 | D:1      | Learned a level 2 spell: Song of Slaying
   758 | D:1      | Learned a level 2 spell: Shroud of Golubria
  1178 | D:2      | Reached XP level 3. HP: 25/28 MP: 6/6
  1613 | D:2      | Noticed Sigmund
  2443 | D:3      | Noticed Robin
  2475 | D:3      | Reached XP level 4. HP: 10/35 MP: 3/7
  2484 | D:3      | Killed Robin
  2806 | D:3      | Found an opulent altar of Gozag.
  2890 | D:3      | Found a blossoming altar of Fedhas.
  3404 | D:3      | Found a shimmering altar of Xom.
  3424 | D:3      | Reached XP level 5. HP: 27/42 MP: 3/8
  3441 | D:3      | Learned a level 3 spell: Ozocubu's Armour
  3736 | D:3      | Became a worshipper of Gozag Ym Sagoz the Greedy
  3768 | D:4      | Found Ginov's General Store.
  3773 | D:4      | Reached skill level 1 in Shields
  3809 | D:4      | Bought a potion of curing for 42 gold pieces
  4211 | D:4      | Reached XP level 6. HP: 38/48 MP: 9/9
  4249 | D:4      | Noticed a phantom
  4445 | D:4      | Noticed Blork the orc
  4452 | D:4      | Killed Blork the orc
  4503 | D:4      | Noticed Grinder
  4540 | D:4      | Noticed Menkaure
  4554 | D:4      | Slain by Menkaure

Levels and vault maps discovered:
D:1:      minmay_arrival_doors, layout_loops_corners
D:2:      layout_loops_cross, hex_tiny, uniq_sigmund
D:3:      layout_loops_ring, nicolae_overflow_crystal_walls, fedhas_altar_1,
          brannock_xom_greatest_gift, uniq_robin
D:4:      layout_basic, serial_shops, shop, first_ration, uniq_ijyb,
          uniq_natasha, uniq_blork_the_orc, uniq_grinder, uniq_menkaure,
          uniq_crazy_yiuf_cottage

Skill      XL: |  1  2  3  4  5  6 |
---------------+-------------------+-----
Charms         | 4 |  4.3
Fighting       | 3 4 |  4.0
Dodging        | 3 4 |  4.1
Shields        | 3 4 |  4.0
Long Blades    | 3 |  3.0
Armour         | |  1.2
Spellcasting   | |  2.1

Action                   |  1- 3 |  4- 6 || total
-------------------------+-------+-------++-------
Melee: Falchion          |   166 |   174 ||   340
Throw: Stone             |       |     8 ||     8
 Cast: Shroud of Golubri |     2 |     4 ||     6
       Song of Slaying   |     1 |     3 ||     4
       Infusion          |     1 |     1 ||     2
       Ozocubu's Armour  |       |     2 ||     2
Evoke: Wand              |       |     4 ||     4
  Use: Scroll            |     4 |       ||     4
       Potion            |       |     1 ||     1
 Stab: Sleeping          |     1 |       ||     1
  Eat: Chunk             |     2 |     5 ||     7
       Ration            |     1 |     1 ||     2
Armor: Leather armour    |    46 |    50 ||    96
Dodge: Dodged            |   138 |   127 ||   265
Block: Buckler           |       |     3 ||     3
       Rpst.: Falchion   |    55 |    38 ||    93

Table legend:
 A = Non-vault XP
 B = Vault XP
 C = Vault XP percentage of total XP
 D = Non-vault monster count
 E = Vault monster count
 F = Vault count percentage of total count
                 A         B        C        D         E       F
            +---------+---------+-------+---------+---------+-------
      Total |     354 |     130 |  26.9 |      68 |      13 |  16.0
            +---------+---------+-------+---------+---------+-------
        D:1 |      31 |       0 |   0.0 |      21 |       0 |   0.0
        D:2 |      38 |       0 |   0.0 |      20 |       0 |   0.0
        D:3 |      69 |      36 |  34.3 |      17 |      12 |  41.4
        D:4 |     216 |      94 |  30.3 |      10 |       1 |   9.1
            +---------+---------+-------+---------+---------+-------
